 Dungeon Crawl Stone Soup version 0.32-a0-540-g866d13106e (webtiles) character file.

Game seed: 12243840624654328778

4132 ezpacito the Trooper (level 10, -1/76 HPs)
             Began as a Demonspawn Chaos Knight on Feb 29, 2024.
             Was a Plaything of Xom.
             Slain by an orc warrior
             ... wielding a +0 scimitar
              (11 damage)
             ... on level 8 of the Dungeon.
             The game lasted 00:14:59 (8281 turns).

ezpacito the Trooper (Demonspawn Chaos Knight)      Turns: 8281, Time: 00:15:00

Health: -1/76      AC:  9    Str: 17    XL:     10   Next: 6%
Magic:  0/25       EV: 13    Int: 10    God:    Xom [..*...]
Gold:   335        SH: 10    Dex: 15    Spells: 7/17 levels left

rFire   + . .        a - +0 hand axe (chaos)
rCold   . . .        (no shield)
rNeg    . . .        u - +3 leather armour "Ilyom" {MP+9}
rPois   .            (helmet restricted)
rElec   .            d - +0 cloak
rCorr   .            (no gloves)
SInv    +            w - +0 pair of boots
Will    +....        z - amulet of Fegod {Spirit Int+2 Dex+2}
Stlth   ++           x - ring of willpower
HPRegen 0.32/turn    (no ring)
MPRegen 0.19/turn

%: guardian spirit
@: no status effects
A: large bone plates 2, condensation shield, horns 1, see invisible, dopey 2,
fire resistance 1, evolution 1, inability to read after injury 1
a: Renounce Religion


You were on level 8 of the Dungeon.
You worshipped Xom.
You were a toy of Xom.
You visited 2 branches of the dungeon, and saw 9 of its levels.
You also visited: Ossuary.

You collected 531 gold pieces.
You spent 196 gold pieces at shops.

Inventory:

Hand Weapons
 a - a +0 hand axe of chaos (weapon)
 E - a +4 battleaxe
 I - a +5 hand axe
Missiles
 c - 4 boomerangs
 e - 6 javelins
 v - a throwing net (quivered)
 F - 2 poisoned darts
Armour
 b - a +0 chain mail
 d - a +0 cloak (worn)
 o - a +0 plate armour
 s - a +0 helmet
 u - the +3 leather armour "Ilyom" (worn) {MP+9}
   (You found it on level 4 of the Dungeon)

   MP+9:      It affects your magic capacity (+9).
 w - a +0 pair of boots (worn)
Magical Staves
 G - a staff of air
Jewellery
 l - a ring of protection from cold
 x - a ring of willpower (left hand)
 z - the amulet of Fegod (around neck) {Spirit Int+2 Dex+2}
   (You found it on level 5 of the Dungeon)

   [amulet of guardian spirit]

   Spirit:    It causes incoming damage to be divided between your reserves of
   health and magic.
   Int+2:     It affects your intelligence (+2).
   Dex+2:     It affects your dexterity (+2).
Talismans
 H - a maw talisman
Wands
 f - a wand of iceblast (3)
 m - a wand of flame (7)
Scrolls
 h - 2 scrolls of vulnerability
 i - 5 scrolls of enchant weapon
 j - a scroll of immolation
 k - a scroll of torment
 n - 3 scrolls of noise
 q - 3 scrolls of teleportation
 r - a scroll of fear
 t - a scroll of amnesia
 y - a scroll of blinking
 B - 2 scrolls of fog
 J - a scroll of brand weapon {unknown}
Potions
 g - 2 potions of attraction
 A - 2 potions of cancellation
 C - a potion of lignification


   Skills:
 * Level 5.6 Fighting
 * Level 5.4(5.7) Axes
 + Level 2.8(4.5) Polearms
 - Level 2.0 Throwing
 * Level 4.6 Armour
 * Level 4.2 Dodging
 + Level 2.9 Stealth
 * Level 4.1 Unarmed Combat
 * Level 4.2 Spellcasting
 + Level 2.4 Conjurations
 * Level 4.0 Necromancy
 + Level 2.5 Alchemy
 + Level 3.0 Evocations


You had 7 spell levels left.
You knew the following spells:

 Your Spells              Type           Power      Damage    Failure   Level
a - Necrotise             Necr           40%        1d6       5%          1
b - Sting                 Conj/Alch      28%        1d4       11%         1
c - Fulminant Prism       Conj/Alch      3%         3d5       71%         4
d - Magic Dart            Conj           28%        1d4       11%         1
e - Apportation           Tloc           4%         N/A       30%         1
f - Searing Ray           Conj           14%        2d5       16%         2

Your spell library contained the following spells:

 Spells                   Type           Power      Damage    Failure   Level
 Summon Small Mammal      Summ           8%         N/A       30%         1
 Lesser Beckoning         Tloc           4%         N/A       41%         2
 Gell's Gravitas          Tloc           2%         N/A       65%         3
 Teleport Other           Tloc           2%         N/A       65%         3
 Tukima's Dance           Hex            2%         N/A       65%         3
 Iskenderun's Mystic Bla  Conj/Tloc      4%         2d3       87%         4
 Dimensional Bullseye     Hex/Tloc       1%         N/A       96%         4
 Chain Lightning          Conj/Air       2%         3d2       100%        9
 Fire Storm               Conj/Fire      2%         8d1       100%        9
 Shatter                  Erth           1%         3d5*      100%        9


Dungeon Overview and Level Annotations

Branches:
Dungeon (8/15)             Temple (1/1) D:5         Ossuary (visited)
   Lair: D:8-11

Altars:
Ashenzari
Cheibriados
Fedhas
Gozag
Hepliaklqana
Makhleb
Okawaru
Qazlal
Ru
Sif Muna
Trog
Uskayaw
Vehumet
Wu Jian
Xom
Yredelemnul

Shops:
D:1 *   D:7 *


Innate Abilities, Weirdness & Mutations

You are mostly covered in large bone plates. (SH +6)
A meltable shield of frost defends you. (SH +4)
You have a pair of small horns on your head.
You have supernaturally acute eyesight. (SInv)
You are very dopey. (Int -4)
Your flesh is heat resistant. (rF+)
You have hidden genetic potential.
You occasionally lose the ability to read scrolls when taking damage.


Message History

The orc warrior hums to itself desperately, trying to keep calm.
You hit the orc warrior but do no damage.
The orc warrior seems to grow stronger.
Your attack snaps the orc warrior out of its fear.
Your headbutt misses the orc warrior.
A steam dragon comes into view.
You block the orc warrior's attack.
You barely miss the orc warrior.
The orc warrior is lightly wounded.
The orc warrior closely misses you.
You closely miss the orc warrior. Your headbutt misses the orc warrior.
The orc warrior is lightly wounded.
The orc warrior misses you.
You barely miss the orc warrior.
The orc warrior is lightly wounded.
The orc warrior hits you with a +0 scimitar.
* * * LOW HITPOINT WARNING * * *
You hit the orc warrior but do no damage.
You headbutt the orc warrior, but do no damage.
The orc warrior is lightly wounded.
You block the orc warrior's attack.
You barely miss the orc warrior. You headbutt the orc warrior.
The orc warrior is moderately wounded.
The orc warrior looks more healthy.
The orc warrior barely misses you.
You hit the orc warrior but do no damage.
You headbutt the orc warrior, but do no damage.
The orc warrior is moderately wounded.
The orc warrior misses you. You block the ice beast's attack.
The orc warrior attacks as it pursues you!
The orc warrior barely misses you.
You hit the ice beast.
The ice beast is lightly wounded.
You closely miss the orc warrior. The ice beast hits you.
* * * LOW HITPOINT WARNING * * *
The ice beast freezes you!
* * * LOW HITPOINT WARNING * * *
The orc warrior hits you with a +0 scimitar!
You die...
Xom titters!

......c# ......#
......# ......###.
#.........
#.........
####.######.........
....)..o@Y.)........
...#.######.........
#.........
.######.........
.......<†)......
#.$..##.........
#### (...######
.....# #.....#


You could see an orc warrior (strong) and an ice beast.

Vanquished Creatures
  5 slime creatures (D:7)
  2 steam dragons (D:7)
  2 water moccasins (D:7)
  An orc warrior (D:7)
  A black bear (D:7)
  An ice beast (D:7)
  3 ogres
  A wolf (D:5)
  A phantom (D:4)
  A scorpion (D:5)
  2 elf skeletons (D:6)
  9 wights
  9 killer bees
  2 hounds
  A jelly (D:5)
  A human zombie (D:6)
  Crazy Yiuf (D:7)
  3 bombardier beetles
  2 orc priests
  A gnoll bouda (D:5)
  A sleepcap (D:5)
  3 spectral scorpions (Ossuary)
  2 human skeletons (D:6)
  2 iguanas
  4 centaur skeletons (Ossuary)
  2 orc wizards
  A crocodile zombie (Ossuary)
  10 mummies (Ossuary)
  3 gnolls (D:5)
  9 adders
  2 ufetubi (D:6)
  4 dart slugs
  2 ribbon worms (D:3)
  11 orcs
  11 ball pythons
  10 endoplasms
  A giant cockroach (D:4)
  3 goblins
  6 hobgoblins
  9 jackals
  3 quokkas
  3 bats
  3 frilled lizards
  A gnoll skeleton (Ossuary)
  5 kobolds
  2 kobold skeletons (Ossuary)
  2 orc skeletons
  4 rats
  10 spectral rats (Ossuary)
178 creatures vanquished.

Vanquished Creatures (collateral kills)
  An ice beast (D:7)
  A killer bee (D:7)
  3 electric eels (D:6)
  5 orcs
  A goblin (D:4)
11 creatures vanquished.

Vanquished Creatures (others)
  A wight (D:7)
  An adder (D:3)
  An ufetubus (D:6)
  2 orcs
  A ball python zombie (D:4)
6 creatures vanquished.

Grand Total: 195 creatures vanquished

Notes
Turn   | Place    | Note
-------+----------+-------------------------------------------
     0 | D:1      | ezpacito the Demonspawn Chaos Knight began the quest for
                  | the Orb.
     0 | D:1      | Reached XP level 1. HP: 18/18 MP: 1/1
     2 | D:1      | Found Ysol's General Store.
    40 | D:1      | Reached skill level 1 in Dodging
    85 | D:1      | Gained mutation: A meltable shield of frost defends you.
                  | (SH +4) [demonic ancestry]
    85 | D:1      | Reached XP level 2. HP: 23/24 MP: 2/2
   208 | D:1      | Found a faded altar of an unknown god.
   468 | D:1      | XOM: noise
   518 | D:1      | Reached XP level 3. HP: 29/29 MP: 3/3
   609 | D:2      | XOM: god gift: falchion {god gift}
   626 | D:2      | Found a hide-covered altar of Uskayaw.
   883 | D:2      | XOM: noise
  1424 | D:3      | Reached skill level 1 in Unarmed Combat
  1528 | D:3      | XOM: enchant monster (good)
  1532 | D:3      | Reached XP level 4. HP: 30/35 MP: 5/5
  1598 | D:3      | XOM: potion effect (haste)
  1605 | D:3      | Reached skill level 1 in Spellcasting
  1947 | D:3      | Reached XP level 5. HP: 29/41 MP: 6/6
  2048 | D:3      | Found a snail-covered altar of Cheibriados.
  2064 | D:3      | Found a radiant altar of Vehumet.
  2098 | D:3      | Found a bloodstained altar of Trog.
  2248 | D:1      | Bought a potion of curing for 42 gold pieces
  2248 | D:1      | Bought a potion of curing for 42 gold pieces
  2248 | D:1      | Bought a scroll of fear for 56 gold pieces
  2248 | D:1      | Bought a scroll of amnesia for 56 gold pieces
  2250 | D:1      | XOM: give mutation
  2250 | D:1      | Gained mutation: Your flesh is heat resistant. (rF+) [Xom's
                  | grace]
  2286 | D:3      | Reached skill level 1 in Polearms
  2373 | D:4      | Noticed a phantom
  2374 | D:4      | XOM: scenery: summon butterflies
  2384 | D:4      | Killed a phantom
  2446 | D:4      | Reached skill level 1 in Stealth
  2494 | D:4      | XOM: scenery: create altars
  2587 | D:4      | Reached XP level 6. HP: 41/48 MP: 8/8
  2628 | D:4      | Reached skill level 1 in Evocations
  2749 | D:4      | XOM: fog
  2760 | D:4      | XOM: confuse monster(s)
  2808 | D:4      | XOM: 2-stop teleportation journey
  2981 | D:4      | Identified the +3 leather armour "Ilyom" {MP+9}
  3253 | D:5      | Entered Level 5 of the Dungeon
  3279 | D:5      | XOM: divination: detect creatures
  3287 | D:5      | Reached XP level 7. HP: 36/54 MP: 10/10
  3370 | D:5      | Learned a level 1 spell: Necrotise
  3372 | D:5      | Learned a level 1 spell: Sting
  3377 | D:5      | Learned a level 4 spell: Fulminant Prism
  3379 | D:5      | Learned a level 1 spell: Magic Dart
  3381 | D:5      | Learned a level 1 spell: Apportation
  3384 | D:5      | Learned a level 2 spell: Searing Ray
  3582 | D:5      | XOM: silly message
  3794 | D:5      | Found a staircase to the Ecumenical Temple.
  3798 | D:5      | XOM: confuse monster(s)
  3806 | D:5      | Reached skill level 1 in Necromancy
  3814 | Temple   | Entered the Ecumenical Temple
  3869 | D:5      | XOM: polymorph dart slug -> wolf
  4101 | D:5      | XOM: torment (20/54 hp)
  4327 | D:5      | XOM: summons 4 hostile demons
  4329 | D:5      | XOM: butterfly on damage
  4525 | D:5      | Identified the amulet of Fegod {Spirit Int+2 Dex+2}
  4727 | D:6      | Reached skill level 1 in Alchemy
  4809 | D:6      | XOM: summons 1 hostile shadow creature
  4812 | D:6      | XOM: silly message
  4832 | D:6      | Gained mutation: You are partially covered in large bone
                  | plates. (SH +4) [demonic ancestry]
  4832 | D:6      | Reached XP level 8. HP: 41/61 MP: 8/11
  4918 | D:6      | XOM: give mutations
  4918 | D:6      | Gained mutation: You sometimes lose your temper in combat.
                  | [Xom's mischief]
  4918 | D:6      | Gained mutation: Your magical capacity is low. (-10% MP)
                  | [Xom's mischief]
  4918 | D:6      | Gained mutation: You are dopey. (Int -2) [Xom's mischief]
  4918 | D:6      | Gained mutation: You are very dopey. (Int -4) [Xom's
                  | mischief]
  5071 | D:6      | XOM: draining
  5096 | D:6      | Reached skill level 1 in Conjurations
  5114 | D:6      | XOM: torment (34/54 hp)
  5173 | D:6      | Found a sand-covered staircase.
  5208 | Ossuary  | Entered an ossuary
  5459 | Ossuary  | XOM: god gift: 55 gold pieces
  5601 | Ossuary  | XOM: fog
  5869 | Ossuary  | XOM: silly message
  5874 | Ossuary  | Reached skill level 1 in Throwing
  5880 | Ossuary  | XOM: silly message
  6136 | D:6      | Lost mutation: Your magical capacity is low. (-10% MP)
                  | [potion of mutation]
  6136 | D:6      | Lost mutation: Your flesh is heat resistant. (rF+) [potion
                  | of mutation]
  6136 | D:6      | Gained mutation: You do not regenerate when monsters are
                  | visible. [potion of mutation]
  6136 | D:6      | Gained mutation: You have hidden genetic potential. [potion
                  | of mutation]
  6138 | D:6      | Lost mutation: You are very dopey. (Int -4) [potion of
                  | mutation]
  6138 | D:6      | Lost mutation: You do not regenerate when monsters are
                  | visible. [potion of mutation]
  6138 | D:6      | Lost mutation: You sometimes lose your temper in combat.
                  | [potion of mutation]
  6138 | D:6      | Gained mutation: You occasionally lose the ability to read
                  | scrolls when taking damage. [potion of mutation]
  6138 | D:6      | Gained mutation: You have a pair of small horns on your
                  | head. [potion of mutation]
  6138 | D:6      | Gained mutation: You are very dopey. (Int -4) [potion of
                  | mutation]
  6138 | D:6      | Gained mutation: Your flesh is heat resistant. (rF+)
                  | [potion of mutation]
  6194 | D:7      | Found a runed translucent door.
  6195 | D:7      | Noticed Crazy Yiuf
  6210 | D:7      | Killed Crazy Yiuf
  6408 | D:7      | XOM: cast spell 'Summon Small Mammal'
  6456 | D:7      | Found a hazy altar of Hepliaklqana.
  6463 | D:7      | XOM: summons 6 friendly demons
  6527 | D:7      | Noticed a slime creature
  6546 | D:7      | Killed a slime creature
  6547 | D:7      | Reached skill level 5 in Fighting
  6547 | D:7      | Gained mutation: You are mostly covered in large bone
                  | plates. (SH +6) [demonic ancestry]
  6547 | D:7      | Reached XP level 9. HP: 28/68 MP: 9/14
  6697 | D:7      | XOM: confuse monster(s)
  6700 | D:7      | XOM: noise
  6712 | D:7      | XOM: summons 3 friendly demons
  6713 | D:7      | Reached skill level 5 in Axes
  6723 | D:7      | XOM: potion effect (berserk rage)
  6729 | D:7      | Gained mutation: You have supernaturally acute eyesight.
                  | (SInv) [hidden potential]
  6939 | D:7      | XOM: cast spell 'Summon Ice Beast'
  7229 | D:7      | Found an iron altar of Okawaru.
  7229 | D:7      | Found an opulent altar of Gozag.
  7238 | D:7      | XOM: potion effect (haste)
  7246 | D:7      | XOM: enchant monster (bad)
  7252 | D:7      | XOM: divination: detect items
  7432 | D:7      | Found Wazic's Whimsical Warehouse.
  7719 | D:7      | XOM: cast spell 'Disjunction'
  8059 | D:8      | XOM: enchant monster (good)
  8067 | D:8      | Reached XP level 10. HP: 45/75 MP: 12/16
  8069 | D:8      | XOM: cleaving
  8196 | D:8      | Noticed a two-headed ogre
  8281 | D:8      | Slain by an orc warrior

Illustrated notes

Levels and vault maps discovered:
D:1:      dpeg_arrival_pits, layout_rooms, serial_rivers,
          chequers_serial_rivers_micro_e, chequers_serial_rivers_micro_b,
          chequers_serial_rivers_micro_a, chequers_serial_rivers_large_b,
          chequers_serial_rivers_micro_a, chequers_serial_rivers_small_b,
          serial_shops, shop, hellmonk_ecumenical_altar_heavens_door,
          minmay_misc_feat_chi
D:2:      layout_basic, basic_altar, chequers_decorated_corner
D:3:      layout_loops_cross, old_standard_altar,
          mainiacjoe_overflow_catch_the_wave, minmay_vboxes
D:4:      layout_basic
D:5:      layout_cave_pods, minmay_temple_entry_mini_moons
D:6:      layout_cave_pools, nicolae_ossuary_entry_catacombs,
          serial_bayou_lake_a
D:7:      layout_basic, kennysheep_little_box, gammafunk_temple_overflow_claw,
          serial_co_window_serial, co_window_paths_b,
          co_window_of_opportunity_a, co_window_of_opportunity_a,
          co_window_paths_a, co_window_paths_b, co_window_2corner,
          co_window_of_opportunity_b, co_window_cross_3, co_window_sun,
          glass_columns_c, glass_columns_a, nicolae_alphabet_shops,
          uniq_crazy_yiuf_cottage
D:8:      layout_basic, mainiacjoe_overflow_24_doors, overflow_temple_1_default
Temple:   hc_temple_tempest_star

Skill      XL: |  1  2  3  4  5  6  7  8  9 10 |
---------------+-------------------------------+-----
Dodging        | 1 2 3 4 |  4.2
Armour         | 2 3 4 |  4.6
Axes           | 3 4 5 |  5.4
Unarmed Combat | 1 2 3 4 |  4.1
Spellcasting   | 1 2 3 4 |  4.2
Polearms       | 1 2 |  2.8
Stealth        | 1 2 |  2.9
Evocations     | 1 2 3 |  3.0
Fighting       | 4 5 |  5.6
Necromancy     | 1 2 3 4 |  4.0
Alchemy        | 1 2 |  2.5
Conjurations   | 1 2 |  2.4
Throwing       | 1 2 |  2.0

Action                     |  1- 3 |  4- 6 |  7- 9 | 10-12 || total
---------------------------+-------+-------+-------+-------++-------
  Melee: Hand axe          |   115 |   168 |   525 |    40 ||   848
         Headbutt          |       |       |    39 |    15 ||    54
  Evoke: Wand              |       |       |     9 |       ||     9
    Use: Scroll            |     3 |     3 |    12 |     2 ||    20
         Potion            |       |     3 |    10 |     5 ||    18
   Stab: Paralysed         |     2 |     5 |     2 |       ||     9
         Sleeping          |       |     3 |     5 |       ||     8
         Confused          |       |     1 |    13 |       ||    14
         Distracted        |       |       |     2 |       ||     2
         Petrified         |       |       |     1 |     2 ||     3
         Held in net/web   |       |       |     1 |       ||     1
         Petrifying        |       |       |     1 |       ||     1
 Armour: Leather armour    |    75 |   103 |   329 |    54 ||   561
         Skin              |       |    12 |       |       ||    12
  Dodge: Dodged            |    78 |    84 |   302 |    58 ||   522
  Block: Other             |    18 |    27 |   151 |    25 ||   221

Table legend: (Time is in decaauts)
 A = Elapsed time spent in this place.
 B = Non-inter-level travel time spent in this place.
 C = Inter-level travel time spent in this place.
 D = Time resting spent in this place.
 E = Time spent auto-exploring this place.
 F = Levels seen in this place.
 G = Mean time per level.
                   A        B        C        D        E       F      G
               +--------+--------+--------+--------+--------+-----+--------+
         Total |   8378 |   7982 |    396 |    465 |   5581 |  10 |  837.8 |
       Dungeon |   7474 |   7078 |    396 |    300 |   5241 |   8 |  934.2 |
        Temple |      1 |      1 |      0 |      0 |      0 |   1 |    1.0 |
       Ossuary |    902 |    902 |      0 |    165 |    340 |   1 |  902.0 |
               +--------+--------+--------+--------+--------+-----+--------+

Top non-repeatable levels by time:
     D:7: 2071 daAuts
     D:5: 1423 daAuts
     D:3: 906 daAuts
 Ossuary: 902 daAuts
     D:4: 890 daAuts
     D:2: 849 daAuts
     D:1: 653 daAuts
     D:6: 624 daAuts
     D:8: 56 daAuts
  Temple: 1 daAuts
